 Dungeon Crawl Stone Soup version 0.27-a0-1188-g73eefd5def (webtiles) character file.

Game seed: 8282315916810366932

905 leviel the Severer (level 8, -4/64 HPs)
             Began as a Hill Orc Fighter on May 22, 2021.
             Was an Initiate of the Shining One.
             Slain by a troll (14 damage)
             ... on level 5 of the Dungeon.
             The game lasted 00:07:53 (4887 turns).

leviel the Severer (Hill Orc Fighter)               Turns: 4887, Time: 00:07:54

Health: -4/64      AC:  9    Str: 21    XL:     8   Next: 8%
Magic:  8/8        EV:  7    Int:  8    God:    the Shining One [......]
Gold:   58         SH:  9    Dex: 10    Spells: 7/7 levels left

rFire    . . .     SeeInvis .   a - +0 war axe
rCold    . . .     Faith    .   c - +0 kite shield
rNeg     . . .     Spirit   .   b - +1 scale mail
rPois    .         Reflect  .   (no helmet)
rElec    .         Harm     .   (no cloak)
rCorr    .         Rampage  .   (no gloves)
Will     .....                  i - +0 pair of boots
Stlth    ..........             (no amulet)
HPRegen  0.20/turn              (no ring)
MPRegen  0.11/turn              (no ring)

@: glowing
A: no striking features
a: Renounce Religion


You were on level 5 of the Dungeon.
You worshipped the Shining One.
The Shining One was noncommittal.
You visited 1 branch of the dungeon, and saw 5 of its levels.

You collected 58 gold pieces.

Inventory:

Hand Weapons
 a - a +0 war axe (weapon)
Armour
 b - a +1 scale mail (worn)
 c - a +0 kite shield (worn)
 i - a +0 pair of boots (worn)
Scrolls
 f - a scroll of teleportation {unknown}
Potions
 e - a potion of degeneration


   Skills:
 - Level 3.6 Fighting
 + Level 17.3 Axes
 - Level 3.2 Armour
 - Level 3.2 Shields


You had 7 spell levels left.
You didn't know any spells.
Your spell library was empty.

Dungeon Overview and Level Annotations

Branches:
Dungeon (5/15)
 Temple: D:4-7

Altars:
Ashenzari
Elyvilon
Gozag
Trog
The Shining One

Shops:
D:2 ?

Annotations:
D:4 Duvessa


Message History

Duvessa rages.
Duvessa barely misses you. Duvessa closely misses you.
Duvessa rages.
Duvessa hits you with a +3 rapier of holy wrath!
Duvessa hits you with a +3 rapier of holy wrath!
Duvessa closely misses you.
Duvessa hits you with a +3 rapier of holy wrath!
There is a stone staircase leading up, spattered with blood here.
Things that are here:
a +0 giant spiked club; an ogre skeleton Duvessa hits you with a +3 rapier of holy wrath.
Duvessa hits you with a +3 rapier of holy wrath.
Duvessa is no longer berserk.
You hit Duvessa.
Duvessa is lightly wounded.
Duvessa hits you with a +3 rapier of holy wrath!
* * * LOW HITPOINT WARNING * * *
You hit Duvessa but do no damage.
Duvessa is lightly wounded.
You hit Duvessa.
Duvessa is lightly wounded.
Duvessa hits you with a +3 rapier of holy wrath!
* * * LOW HITPOINT WARNING * * *
Okay, then.
The kobold throws a stone.
The stone hits you.
* * * LOW HITPOINT WARNING * * *
The kobold throws a stone.
The stone barely misses you.
Duvessa says, "The sword shall overcome grief!"
Duvessa looks more energetic.
The kobold throws a stone.
The stone hits you but does no damage.
The kobold throws a stone.
The stone hits you but does no damage.
You see here a +0 scale mail.
There is a stone staircase leading down here.
You climb downwards.
You hear the sound of rushing water.
There is an entrance to a sewer on this level.
Hurry and find it before the portal rusts away!
The walls and floor vibrate strangely for a moment.
The troll bites you!
You die...

### .... #... #
##... ## .. .
.(.. ?.#... ..#
..###)..... ..
##T........
#.#..@.......
#............
##.......###.
#......##
.........#
#..#?.......
#..............
# #
####...........
..#
..#.........


You could see a troll.

Vanquished Creatures
  Sigmund (D:4)
  A water moccasin (D:5)
  An ogre (D:4)
  A scorpion (D:5)
  Dowan (D:4)
  A hound (D:4)
  2 orc wizards
  4 adders
  3 dart slugs
  7 orcs
  6 bats
  6 endoplasms
  5 giant cockroaches
  6 goblins
  9 hobgoblins
  4 jackals (D:1)
  4 quokkas
  2 ball pythons (D:1)
  7 frilled lizards
  8 kobolds
  7 rats
86 creatures vanquished.

Notes
Turn   | Place    | Note
-------+----------+-------------------------------------------
     0 | D:1      | leviel the Hill Orc Fighter began the quest for the Orb.
     0 | D:1      | Reached XP level 1. HP: 19/19 MP: 1/1
    35 | D:1      | Reached skill level 3 in Axes
   156 | D:1      | Reached XP level 2. HP: 2/26 MP: 2/2
   693 | D:1      | Reached skill level 4 in Axes
  1079 | D:1      | Reached XP level 3. HP: 30/31 MP: 3/3
  1718 | D:2      | Reached skill level 5 in Axes
  2159 | D:2      | Found an opulent altar of Gozag.
  2205 | D:2      | Found Zostroomu's Magic Scroll Shop.
  2289 | D:2      | Reached XP level 4. HP: 31/39 MP: 4/4
  2761 | D:3      | Reached skill level 6 in Axes
  2919 | D:3      | Found a white marble altar of Elyvilon.
  2921 | D:3      | Found a glowing golden altar of the Shining One.
  2922 | D:3      | Found a broken altar of Ashenzari.
  2922 | D:3      | Found a bloodstained altar of Trog.
  2935 | D:3      | Became a worshipper of the Shining One
  3347 | D:3      | Found a faded altar of an unknown god.
  3375 | D:3      | Reached XP level 5. HP: 27/45 MP: 5/5
  3703 | D:4      | Noticed Sigmund
  3716 | D:5      | Entered Level 5 of the Dungeon
  3717 | D:5      | Noticed a water moccasin
  3722 | D:5      | Reached skill level 7 in Axes
  3733 | D:5      | Killed a water moccasin
  3734 | D:5      | Reached skill level 8 in Axes
  3734 | D:5      | Reached XP level 6. HP: 18/51 MP: 6/6
  3739 | D:5      | Reached skill level 16 in Axes
  3739 | D:5      | Reached XP level 7. HP: 7/57 MP: 7/7
  3743 | D:5      | Reached skill level 17 in Axes
  3743 | D:5      | HP: 4/85 [poisoned by a scorpion]
  3833 | D:4      | Noticed Duvessa
  3833 | D:4      | Noticed Dowan
  3883 | D:5      | Noticed a troll
  3917 | D:3      | HP: 4/85 [hobgoblin (3)]
  4630 | D:4      | Killed Dowan
  4747 | D:4      | Killed Sigmund
  4748 | D:4      | Reached XP level 8. HP: 64/64 MP: 8/8
  4887 | D:5      | Slain by a troll

Illustrated notes

Levels and vault maps discovered:
D:1:      dpeg_arrival_rooms_b, layout_basic
D:2:      layout_basic, basic_altar, serial_shops, shop_fountains
D:3:      layout_rooms, grunt_temple_overflow_open,
          shapermc_ecumenical_altar_totnotflames, minmay_misc_feat_columns,
          dk_noncrumbling_3, hex_intersection
D:4:      layout_cave_pools, serial_shops, nicolae_shop_stone, uniq_duvessa,
          uniq_sigmund
D:5:      layout_cave_pools, minmay_temple_entry_arrows, gup_sewer_entry_pipe,
          minmay_strange_pillars, kennysheep_crisscross, uniq_blork_the_orc,
          uniq_prince_ribbit1

Skill      XL: |  1  2  3  4  5  6  7 |
---------------+----------------------+-----
Axes           | 3 4 5 6 8 16 17 | 17.3
Fighting       | |  3.6
Armour         | |  3.2
Shields        | |  3.2

Action                   |  1- 3 |  4- 6 |  7- 9 || total
-------------------------+-------+-------+-------++-------
Melee: War axe           |   119 |    91 |    34 ||   244
  Use: Potion            |       |     6 |     3 ||     9
       Scroll            |       |     4 |       ||     4
Armor: Scale mail        |    57 |    55 |    31 ||   143
       Skin              |       |       |    14 ||    14
Dodge: Dodged            |    34 |    30 |    22 ||    86
Block: Kite shield       |    69 |    53 |    26 ||   148

Table legend: (Time is in decaauts)
 A = Elapsed time spent in this place.
 B = Non-inter-level travel time spent in this place.
 C = Inter-level travel time spent in this place.
 D = Time resting spent in this place.
 E = Time spent auto-exploring this place.
 F = Levels seen in this place.
 G = Mean time per level.
                   A        B        C        D        E       F      G
               +--------+--------+--------+--------+--------+-----+--------+
         Total |   4987 |   4809 |    178 |   1584 |   2486 |   5 |  997.4 |
       Dungeon |   4987 |   4809 |    178 |   1584 |   2486 |   5 |  997.4 |
               +--------+--------+--------+--------+--------+-----+--------+

Top non-repeatable levels by time:
     D:1: 1738 daAuts
     D:3: 1642 daAuts
     D:2: 1082 daAuts
     D:4: 432 daAuts
     D:5: 90 daAuts
